 Dungeon Crawl Stone Soup version 0.23.2-40-g277498a001 (webtiles) character file.

Game seed: 12604618705973971909

765 MalarOregon the Conjurer (level 7, 0/50 HPs)
             Began as a Purple Draconian Wizard on Sept 8, 2019.
             Shot with an arrow by a centaur (12 damage)
             ... on level 5 of the Dungeon.
             The game lasted 00:15:55 (5358 turns).

MalarOregon the Conjurer (Purple Draconian Wizard)  Turns: 5358, Time: 00:15:55

Health: 0/50       AC:  8    Str: 10    XL:     7   Next: 52%
Magic:  13/16      EV: 11    Int: 20    God:
Gold:   184        SH:  3    Dex:  9    Spells: 10/18 levels left

rFire    . . .     SeeInvis .   q - +2 whip (elec)
rCold    . . .     Gourm    .   w - +0 buckler
rNeg     . . .     Faith    .   (armour unavailable)
rPois    .         Spirit   .   a - +0 hat
rElec    .         Reflect  .   (no cloak)
rCorr    .         Harm     .   l - +0 pair of gloves
MR       +....                  m - +0 pair of boots
Stlth    ++........             (no amulet)
HPRegen  0.16/turn              (no ring)
MPRegen  0.15/turn              (no ring)

@: no status effects
A: breathe power, unfitting armour, cold-blooded, AC +6
a: Breathe Dispelling Energy


You were on level 5 of the Dungeon.
You were not hungry.

You visited 1 branch of the dungeon, and saw 5 of its levels.

You collected 184 gold pieces.

Inventory:

Hand Weapons
 q - a +2 whip of electrocution (weapon)
   (You took it off a gnoll on level 3 of the Dungeon)
Armour
 a - a +0 hat (worn)
 l - a +0 pair of gloves (worn)
   (You found it on level 2 of the Dungeon)
 m - a +0 pair of boots (worn)
   (You found it on level 2 of the Dungeon)
 w - a +0 buckler (worn)
   (You found it on level 4 of the Dungeon)
Magical Staves
 o - an uncursed staff of air
   (You found it on level 3 of the Dungeon)
Wands
 r - a wand of enslavement (9)
   (You took it off an orc on level 3 of the Dungeon)
 t - a wand of flame (11)
   (You found it on level 2 of the Dungeon)
Scrolls
 c - 2 scrolls of random uselessness {unknown}
 d - 4 scrolls of identify {unknown}
 h - a scroll of amnesia {unknown}
 j - 2 scrolls of fear {unknown}
 p - 2 scrolls of teleportation {unknown}
 s - a scroll of immolation {unknown}
 u - a scroll of enchant armour {unknown}
 v - a scroll of magic mapping {unknown}
 x - 3 scrolls of blinking {unknown}
Potions
 b - a potion of might {unknown}
 f - a potion of brilliance {unknown}
 g - 2 potions of berserk rage {unknown}
 i - a potion of flight {unknown}
 k - a potion of cancellation {unknown}
 n - a potion of mutation {unknown}
 z - a potion of lignification {unknown}
Comestibles
 e - 11 rations {!d}


   Skills:
 - Level 1.7 Dodging
 - Level 1.7 Stealth
 + Level 1.9 Shields
 + Level 6.2 Spellcasting
 * Level 6.6 Conjurations
 - Level 1.0 Summonings
 - Level 1.0 Translocations


You had 10 spell levels left.
You knew the following spells:

 Your Spells              Type           Power        Failure   Level  Hunger
a - Magic Dart            Conj           ####         1%          1    None
b - Blink                 Tloc           N/A          13%         2    None
f - Mephitic Cloud        Conj/Pois/Air  ###.....     16%         3    ##.....
x - Call Imp              Summ           ##......     13%         2    None

Your spell library contained the following spells:

 Spells                   Type           Power        Failure   Level  Hunger
 Conjure Flame            Conj/Fire      ###.....     10%         3    ##.....
 Slow                     Hex            #.......     21%         2    None


Dungeon Overview and Level Annotations

Branches:
Dungeon (5/15)
 Temple: D:4-7

Altars:
Trog

Shops:
D:4 }

Annotations:
D:4 2 runed translucent doors, chimenez's ghost, amateur DrMo


Innate Abilities, Weirdness & Mutations

You can breathe bolts of dispelling energy.
Your rich purple scales are hard. (AC +6)
You cannot fit into any form of body armour.
You are cold-blooded and may be slowed by cold attacks.


Message History

There is a stone staircase leading down here.
Found 18 stones.
A worker ant and a centaur come into view.
The centaur shouts!
A worker ant zombie comes into view.
The centaur moves out of view.
You see here 18 stones.
There are monsters nearby!
There are monsters nearby!
The worker ant bites you.
You hit the worker ant but do no damage.
Lightning courses through the worker ant!
The worker ant barely misses you.
You hit the worker ant but do no damage.
Lightning courses through the worker ant!
You kill the worker ant!
The centaur wields a +3 shortbow.
The centaur shoots an arrow.
The arrow hits you.
The centaur shoots an arrow.
The arrow hits you!
You barely miss the worker ant zombie. The worker ant zombie bites you.
You hit the worker ant zombie.
Lightning courses through the worker ant zombie!
Your tail-slap misses the worker ant zombie.
The worker ant zombie bites you but does no damage.
You hit the worker ant zombie.
You tail-slap the worker ant zombie, but do no damage.
The worker ant zombie bites you.
You hit the worker ant zombie. The worker ant zombie bites you.
* * * LOW HITPOINT WARNING * * *
A beastly little devil appears in a puff of frigid air.
The worker ant zombie bites you but does no damage.
The worker ant zombie misses you.
You hit the worker ant zombie but do no damage.
The worker ant zombie bites you.
* * * LOW HITPOINT WARNING * * *
Your white imp hits the worker ant zombie.
Your white imp freezes the worker ant zombie.
The worker ant zombie completely resists.
You barely miss the worker ant zombie.
You tail-slap the worker ant zombie, but do no damage.
The worker ant zombie bites you but does no damage.
Your white imp gestures at the worker ant zombie.
The puff of frost hits the worker ant zombie.
The worker ant zombie resists.
The worker ant zombie closely misses your white imp.
You hit the worker ant zombie.
You destroy the worker ant zombie!
The centaur shoots an arrow.
The arrow hits you!
* * * LOW HITPOINT WARNING * * *
The centaur shoots an arrow.
The arrow hits you!
You die...

#.... #.### #.###
######.##.
#.........
#.###...##
#...><....
#########..#....#.
#@5(...........##<
#†#######..#.####.
..c# #..#.####.
...... #..#.#....
####### #..#.#.##.
#..#.# #. #..# #.
#... .. ..


You could see a centaur and a friendly white imp.

Vanquished Creatures
  Menkaure (D:5)
  2 phantoms (D:4)
  An ogre (D:5)
  A crimson imp (D:5)
  A centaur skeleton (D:4)
  2 orc wizards (D:3)
  3 worker ants
  A worker ant zombie (D:5)
  3 gnolls (D:3)
  8 adders
  An ooze (D:3)
  3 worms
  3 dart slugs
  2 leopard geckos (D:2)
  2 orcs (D:3)
  A ball python (D:4)
  6 bats
  2 giant cockroaches
  6 goblins
  10 hobgoblins
  2 jackals (D:3)
  3 quokkas
  3 frilled lizards
  9 kobolds
  A leopard gecko skeleton (D:4)
  3 rats
80 creatures vanquished.

Vanquished Creatures (collateral kills)
  A crimson imp (D:2)
  4 worms
  3 orcs (D:3)
  A kobold (D:3)
9 creatures vanquished.

Grand Total: 89 creatures vanquished

Notes
Turn   | Place    | Note
-------+----------+-------------------------------------------
     0 | D:1      | MalarOregon the Draconian Wizard began the quest for the
                  | Orb.
     0 | D:1      | Reached XP level 1. HP: 14/14 MP: 4/4
   710 | D:1      | Reached XP level 2. HP: 20/20 MP: 0/6
  1219 | D:2      | Learned a level 2 spell: Blink
  1222 | D:2      | Learned a level 2 spell: Call Imp
  1228 | D:2      | Reached XP level 3. HP: 26/26 MP: 2/7
  1279 | D:2      | Learned a level 3 spell: Mephitic Cloud
  2023 | D:2      | Reached XP level 4. HP: 32/33 MP: 1/9
  3272 | D:3      | Reached XP level 5. HP: 38/38 MP: 1/11
  3930 | D:3      | Found a bloodstained altar of Trog.
  4178 | D:4      | Found a runed translucent door.
  4179 | D:4      | Noticed chimenez's ghost (amateur DrMo)
  4313 | D:4      | Reached skill level 5 in Conjurations
  4313 | D:4      | Reached XP level 6. HP: 45/45 MP: 6/12
  4432 | D:4      | Found Efruza Kixe's Gadget Boutique.
  4639 | D:4      | Found a runed translucent door.
  5079 | D:5      | Entered Level 5 of the Dungeon
  5098 | D:5      | Noticed Menkaure
  5106 | D:5      | Killed Menkaure
  5106 | D:5      | Reached skill level 1 in Shields
  5106 | D:5      | Your scales start taking on a rich purple colour.
  5106 | D:5      | Reached XP level 7. HP: 50/50 MP: 7/16
  5358 | D:5      | Shot with an arrow by a centaur

Skill      XL: |  1  2  3  4  5  6 |
---------------+-------------------+-----
Conjurations   | 2 3 4 5 6 |  6.6
Spellcasting   | 4 6 |  6.2
Shields        | 1 |  1.9
Dodging        | |  1.7
Stealth        | |  1.7
Summonings     | |  1.0
Translocations | |  1.0

Action                   |  1- 3 |  4- 6 |  7- 9 || total
-------------------------+-------+-------+-------++-------
Melee: Unarmed           |    65 |    14 |       ||    79
       Tailslap          |     2 |     8 |     2 ||    12
       Staff             |       |    16 |       ||    16
       Whip              |       |    49 |    14 ||    63
 Cast: Magic Dart        |    77 |   140 |    18 ||   235
       Call Imp          |     5 |     5 |     2 ||    12
 Stab: Sleeping          |       |     1 |       ||     1
  Eat: Chunk             |     3 |    10 |     1 ||    14
Armor: Skin              |    25 |    28 |     4 ||    57
Dodge: Dodged            |    44 |    56 |     6 ||   106
Block: Buckler           |       |       |     1 ||     1
